 Dungeon Crawl Stone Soup version 0.26-b1-32-g5d43845318 (webtiles) character file.

Game seed: 6200942353306154537

579 jmlagarto the Poker (level 7, -7/55 HPs)
             Began as a Merfolk Chaos Knight on Jan 10, 2021.
             Was a Plaything of Xom.
             Mangled by a lemure (9 damage)
             ... led by Pikel
             ... on level 4 of the Dungeon.
             The game lasted 00:09:25 (3503 turns).

jmlagarto the Poker (Merfolk Chaos Knight)          Turns: 3503, Time: 00:09:26

Health: -7/55      AC:  6    Str: 15    XL:     7   Next: 36%
Magic:  7/7        EV: 13    Int:  9    God:    Xom [*.....]
Gold:   196        SH:  0    Dex: 13    Spells: 6/6 levels left

rFire    . . .     SeeInvis .   a - +0 spear (chaos)
rCold    + . .     Faith    .   (no shield)
rNeg     . . .     Spirit   .   b - +2 leather armour
rPois    .         Reflect  .   l - +2 helmet
rElec    .         Harm     .   (no cloak)
rCorr    .         Rampage  .   (no gloves)
Will     .....                  (no boots)
Stlth    ++........             (no amulet)
HPRegen  0.18/turn              (no ring)
MPRegen  0.10/turn              (no ring)

@: no status effects
A: change form in water, swift swim, stealthy swim, cold resistance 1, deformed
body, dopey 1
a: Renounce Religion


You were on level 4 of the Dungeon.
You worshipped Xom.
You were a special plaything of Xom.
You visited 1 branch of the dungeon, and saw 4 of its levels.

You collected 196 gold pieces.

Inventory:

Hand Weapons
 a - a +0 spear of chaos (weapon)
Missiles
 e - 26 bolts
Armour
 b - a +2 leather armour (worn)
 l - a +2 helmet (worn)
Jewellery
 r - an uncursed ring of stealth {unknown}
 t - a +4 ring of slaying {unknown}
Wands
 u - a wand of flame (16)
Scrolls
 d - 3 scrolls of identify
 f - 3 scrolls of teleportation {unknown}
 h - 2 scrolls of fear {unknown}
 i - a scroll of amnesia {unknown}
 k - a scroll of blinking {unknown}
 m - a scroll of magic mapping {unknown}
 p - 2 scrolls of enchant weapon {unknown}
 s - 3 scrolls of remove curse {unknown}
 x - a scroll of enchant armour {unknown}
Potions
 j - a potion of flight {unknown}
 o - a potion of heal wounds {unknown}
 q - a potion of resistance {unknown}
 v - a potion of haste {unknown}
 w - 2 potions of brilliance {unknown}


   Skills:
 + Level 4.7 Fighting
 + Level 7.5 Polearms
 + Level 2.5 Armour
 + Level 4.4 Dodging
 + Level 3.7 Stealth


You had 6 spell levels left.
You didn't know any spells.
Your spell library was empty.

Dungeon Overview and Level Annotations

Branches:
Dungeon (4/15)
 Temple: D:4-7

Altars:
Cheibriados
Ru

Annotations:
D:4 Pikel


Innate Abilities, Weirdness & Mutations

You revert to your normal form in water.
You are very nimble and swift while swimming.
You are very stealthy in the water. (Stealth+)
Your flesh is cold resistant. (rC+)
Armour fits poorly on your strangely shaped body.
You are dopey. (Int -2)


Message History

Pikel hits you with a +2 whip of flaming.
* * * LOW HITPOINT WARNING * * *
Pikel burns you.
* * * LOW HITPOINT WARNING * * *
The lemure hits you but does no damage.
Your shadow imp misses Pikel.
Your quasit bites the lemure but does no damage.
Your quasit claws the lemure. x2; The lemure barely misses you.
You hit the lemure but do no damage.
The lemure is heavily wounded.
The lemure hits you but does no damage.
Pikel hits you with a +2 whip of flaming!
* * * LOW HITPOINT WARNING * * *
Pikel burns you.
* * * LOW HITPOINT WARNING * * *
Your quasit bites the lemure.
Your quasit claws the lemure. x2
As you read the scroll labelled YCWOOF BAMIE, it crumbles to dust.
You hear a loud clanging noise!
It was a scroll of noise.
The lemure hits you!
You die...
Xom cackles wildly!

.# ##.......#..... #...........#.
...# ##..#.......#.. #..#
#..###......... #..# ##..#
#......... #..## ##...#
##...##... ####...#
#...#####...###.. ####.!....##
##5..##.......###.
..#...)†.....###@5...............
....>.).......5K55.......#.......
##....#####.....5......###...####
#... #..#####...### #...# ##.
#...# #...# #...# # #..## #...#
##...# #..# #..# #....# ...#
....##....# ....# #........#


You could see Pikel, 4 lemures, a friendly quasit (summoned) and a friendly
shadow imp (summoned).

Vanquished Creatures
  Grinder (D:3)
  2 orc wizards (D:4)
  An orc priest (D:4)
  2 worker ants
  A howler monkey skeleton (D:4)
  2 adders (D:2)
  3 gnolls (D:4)
  An ooze (D:1)
  3 worms
  2 dart slugs
  2 leopard geckos
  An orc (D:4)
  4 bats
  4 giant cockroaches
  5 goblins
  4 hobgoblins
  5 jackals
  A ball python (D:1)
  4 frilled lizards
  4 kobolds
  A leopard gecko zombie (D:3)
  2 rats
55 creatures vanquished.

Vanquished Creatures (collateral kills)
  A snapping turtle (shapeshifter) (D:4)
  2 orc priests (D:4)
  An orc (D:4)
4 creatures vanquished.

Grand Total: 59 creatures vanquished

Notes
Turn   | Place    | Note
-------+----------+-------------------------------------------
     0 | D:1      | jmlagarto the Merfolk Chaos Knight began the quest for the
                  | Orb.
     0 | D:1      | Reached XP level 1. HP: 18/18 MP: 1/1
    65 | D:1      | XOM: silly message
   321 | D:1      | Reached XP level 2. HP: 22/24 MP: 2/2
   401 | D:1      | Reached skill level 5 in Polearms
   555 | D:1      | XOM: smoke on damage
   887 | D:1      | Reached XP level 3. HP: 26/30 MP: 3/3
  1498 | D:2      | Reached skill level 1 in Armour
  1577 | D:2      | XOM: noise
  1656 | D:2      | Reached XP level 4. HP: 37/37 MP: 4/4
  2062 | D:3      | Found a snail-covered altar of Cheibriados.
  2132 | D:3      | XOM: summons 1 hostile shadow creature
  2200 | D:3      | XOM: give mutations
  2200 | D:3      | Gained mutation: You are dopey. (Int -2) [Xom's mischief]
  2200 | D:3      | Gained mutation: Armour fits poorly on your strangely
                  | shaped body. [Xom's mischief]
  2200 | D:3      | Gained mutation: Your flesh is cold resistant. (rC+) [Xom's
                  | mischief]
  2253 | D:3      | Noticed Grinder
  2260 | D:3      | Killed Grinder
  2261 | D:3      | Reached skill level 6 in Polearms
  2261 | D:3      | Reached XP level 5. HP: 43/43 MP: 5/5
  2261 | D:3      | Reached XP level 6. HP: 49/49 MP: 6/6
  2316 | D:3      | Found a sacrificial altar of Ru.
  2384 | D:3      | XOM: noise
  2699 | D:4      | Noticed Pikel
  2808 | D:4      | XOM: repel stairs
  2935 | D:4      | Reached skill level 7 in Polearms
  3026 | D:4      | XOM: god gift: jewelled hunting sling {god gift}
  3092 | D:4      | XOM: cast spell 'Summon Horrible Things'
  3115 | D:4      | XOM: chaos upgrade
  3118 | D:4      | Noticed a glowing shapeshifter
  3118 | D:4      | an orc wizard changed into a glowing shapeshifter
  3118 | D:4      | Noticed a snapping turtle
  3118 | D:4      | a glowing shapeshifter changed into a snapping turtle
  3119 | D:4      | Killed a snapping turtle
  3120 | D:4      | Reached XP level 7. HP: 23/55 MP: 7/7
  3424 | D:4      | XOM: 1-stop teleportation journey
  3482 | D:4      | XOM: confusion
  3490 | D:4      | XOM: summons friendly quasit
  3498 | D:4      | XOM: summons friendly shadow imp
  3502 | D:4      | HP: 1/55 [Pikel/+2 whip of flaming (3)]
  3503 | D:4      | Mangled by a lemure

Illustrated notes

Levels and vault maps discovered:
D:1:      shiori_arrival_oz, layout_basic, hangedman_decor_opposing,
          minmay_misc_feat_tiny, minmay_tetromino_l2
D:2:      layout_basic
D:3:      minmay_door_path, layout_loops_cross, nicolae_ru_sacrificial_ziggurat,
          cheibriados_altar_1, uniq_grinder
D:4:      layout_layer_cave, temple_statues, serial_shops, nicolae_shop_crystal,
          uniq_pikel

Skill      XL: |  1  2  3  4  5  6 |
---------------+-------------------+-----
Polearms       | 5 6 7 |  7.5
Dodging        | 3 4 |  4.4
Armour         | 1 2 |  2.5
Fighting       | 4 |  4.7
Stealth        | 2 3 |  3.7

Action                   |  1- 3 |  4- 6 |  7- 9 || total
-------------------------+-------+-------+-------++-------
Melee: Spear             |   106 |   100 |    42 ||   248
  Use: Scroll            |     2 |       |     1 ||     3
       Potion            |       |       |     3 ||     3
 Stab: Paralysed         |     1 |     6 |       ||     7
Armor: Leather armour    |    35 |    33 |    14 ||    82
Dodge: Dodged            |    53 |    62 |    38 ||   153
